[Event "Titled Tuesday Blitz March 14 Late 2023"]
[White "babbilator"]
[Black "Stelmaszyk, Nico"]
[BlackFideId "16200462"]
[WhiteElo "2228"]
[BlackElo "2255"]
[Result "0-1"]
[Round "08"]
[TimeControl "180+2"]
[Date "2023.03.14"]
[WhiteClock "0:00:09"]
[BlackClock "0:01:21"]

1. e4 c5 2. Nc3 e6 3. Nf3 Nf6 4. e5 Nd5 5. Ne4 d6 6. exd6 Bxd6 7. Nxd6+ Qxd6 8. d4 Nc6 9. dxc5 Qxc5 10. a3 O-O 11. Bd3 Nf6 12. Be3 Qh5 13. Nd4 Nxd4 14. Bxd4 Qxd1+ 15. Rxd1 e5 16. Bxe5 Re8 17. f4 Ng4 18. O-O Ne3 19. Bb5 Rf8 20. Bd6 Nxd1 21. Bxf8 Kxf8 22. Rxd1 Bg4 23. Rd2 Rc8 24. Bd3 h6 25. Kf2 b6 26. h3 Be6 27. g4 Rd8 28. Kg3 Rd4 29. h4 Rd6 30. g5 hxg5 31. hxg5 Ke7 32. f5 Bd7 33. Kf4 Rd4+ 34. Ke5 Rg4 35. g6 f6+ 36. Kd5 Rf4 37. Re2+ Kf8 38. Kd6 Bxf5 39. Bxf5 Rxf5 40. Kc7 Rg5 41. Kb7 Rxg6 42. Kxa7 f5 43. Rf2 Rf6 44. c4 g5 45. b4 f4 46. c5 g4 47. cxb6 g3 48. Rf1 g2 49. b7 gxf1=Q 50. b8=Q+ Kg7 51. Qc7+ Rf7 0-1


[Site "https://www.chess.com"]

[Event "Titled Tuesday Blitz March 14 Late 2023"]
[White "Quispe Santacruz, Javier"]
[Black "Melikhov, Evgeny V."]
[WhiteFideId "3800920"]
[BlackFideId "4122046"]
[WhiteElo "1875"]
[BlackElo "2158"]
[Result "1-0"]
[Round "08"]
[TimeControl "180+2"]
[Date "2023.03.14"]
[WhiteClock "0:00:53"]
[BlackClock "0:00:02"]

1. d4 Nf6 2. c4 e6 3. Nf3 d5 4. Nc3 Bb4 5. cxd5 exd5 6. Bg5 h6 7. Bxf6 Qxf6 8. Qa4+ Nc6 9. e3 O-O 10. Be2 Be6 11. O-O a6 12. Rac1 Bd6 13. a3 Ne7 14. Qc2 g5 15. Nd2 Ng6 16. Na4 Rad8 17. Nc5 Bc8 18. Qb3 g4 19. Nxb7 Bxb7 20. Qxb7 h5 21. Qxa6 Bxh2+ 22. Kxh2 Rd6 23. Qa7 Re8 24. Rxc7 Rxe3 25. Rxf7 Qh4+ 26. Kg1 Ree6 27. Rg7+ 1-0


[Site "https://www.chess.com"]

[Event "Titled Tuesday Blitz March 14 Late 2023"]
[White "Kornyukov, Alexey"]
[Black "Fule, Simon"]
[WhiteFideId "4150457"]
[BlackFideId "787515"]
[WhiteElo "2352"]
[BlackElo "2385"]
[Result "0-1"]
[Round "08"]
[TimeControl "180+2"]
[Date "2023.03.14"]
[WhiteClock "0:00:02"]
[BlackClock "0:00:02"]

1. d4 Nf6 2. c4 d6 3. Nc3 g6 4. e4 Bg7 5. f3 O-O 6. Bg5 c5 7. d5 Nbd7 8. Nh3 h6 9. Be3 Ne5 10. Nf2 a6 11. a4 Qb6 12. Qc1 Kh7 13. a5 Qc7 14. Be2 e6 15. O-O exd5 16. cxd5 Ng8 17. Qd2 f5 18. f4 Nf7 19. Na4 Ne7 20. Nb6 Rb8 21. g4 fxe4 22. Nxe4 Bd7 23. h3 Rbe8 24. Bd3 Bb5 25. Rf2 Qd8 26. Raf1 Kh8 27. Ng3 Bf6 28. Kg2 Bh4 29. Re2 Bxg3 30. Kxg3 Kg7 31. Qc3+ Kh7 32. b3 Ng8 33. Rfe1 Nf6 34. Bc1 Rxe2 35. Rxe2 Re8 36. Rxe8 Nxe8 37. Bb2 Qe7 38. Bxb5 axb5 39. Nc8 Qe2 40. Nxd6 b4 41. Qxc5 Nexd6 42. Bf6 Ne4+ 43. Kh4 Nxc5 44. g5 h5 45. f5 Qf2# 0-1


[Site "https://www.chess.com"]

[Event "Titled Tuesday Blitz March 14 Late 2023"]
[White "Curtis, John"]
[Black "Becham, Khalid"]
[WhiteFideId "3200256"]
[BlackFideId "9000275"]
[WhiteElo "2203"]
[BlackElo "2081"]
[Result "0-1"]
[Round "08"]
[TimeControl "180+2"]
[Date "2023.03.14"]
[WhiteClock "0:00:07"]
[BlackClock "0:01:09"]

1. e4 c5 2. Nf3 Nc6 3. c3 Nf6 4. d3 d5 5. e5 Nd7 6. Bf4 e6 7. Be2 Be7 8. h4 b6 9. a3 Ba6 10. d4 Bxe2 11. Qxe2 Qc7 12. Nbd2 cxd4 13. cxd4 Na5 14. O-O Rc8 15. b4 Nc4 16. Rac1 O-O 17. Rc2 b5 18. Nb3 Qb6 19. Bc1 a5 20. Nc5 Nb8 21. Qd3 Qa7 22. Bg5 Nc6 23. Bxe7 Qxe7 24. Ng5 g6 25. Nf3 axb4 26. axb4 Nxb4 27. Qb3 Nxc2 28. Qxc2 Ra8 29. Qc1 Rfc8 30. Qh6 Qf8 31. Qg5 b4 32. Nh2 h6 33. Qf4 h5 34. g4 hxg4 35. Nxg4 b3 36. Nxb3 Ra3 37. Nf6+ Kg7 38. Nc5 Qh8 39. h5 Qh6 40. Qg4 Rh8 41. f4 Ne3 42. Qf3 Nxf1 43. Qxa3 Qxf4 44. Nxe6+ fxe6 45. Qe7+ Kh6 46. Qxe6 Ne3 47. Nxd5 Qf1+ 48. Kh2 Qg2# 0-1


[Site "https://www.chess.com"]

[Event "Titled Tuesday Blitz March 14 Late 2023"]
[White "Chabris, Christopher"]
[Black "Klenburg, Michael"]
[WhiteFideId "2005263"]
[BlackFideId "14102072"]
[WhiteElo "2201"]
[BlackElo "2396"]
[Result "1-0"]
[Round "08"]
[TimeControl "180+2"]
[Date "2023.03.14"]
[WhiteClock "0:00:02"]
[BlackClock "0:00:02"]

1. e4 d6 2. d4 Nf6 3. Nc3 g6 4. Be3 c6 5. Qd2 Nbd7 6. Bd3 b5 7. Nf3 Qc7 8. O-O Bg7 9. Bh6 O-O 10. a4 b4 11. Ne2 c5 12. Bxg7 Kxg7 13. b3 a5 14. Ng3 h6 15. d5 Ng4 16. Nh4 Rh8 17. h3 Ngf6 18. f4 Kf8 19. Rae1 Nb6 20. e5 Nfxd5 21. Bxg6 c4 22. Bxf7 Kxf7 23. exd6 Qxd6 24. Qd4 Qf6 25. Re5 Nc3 26. Nhf5 Bxf5 27. Nxf5 Ne2+ 28. Rxe2 Qxd4+ 29. Nxd4 cxb3 30. cxb3 Rac8 31. Rfe1 Nd5 32. Nf5 Rc7 33. Re5 Nxf4 34. Rf1 Kf6 35. Rxa5 e5 36. Ne3 Rd8 37. g3 Rc3 38. Ng4+ Kg7 39. gxf4 Rg3+ 40. Kh2 exf4 41. Rxf4 Rxb3 42. Ra7+ Kg6 43. Rf6+ Kg5 44. Ra5+ Kh4 45. Rxh6# 1-0


[Site "https://www.chess.com"]

[Event "Titled Tuesday Blitz March 14 Late 2023"]
[White "Skaric, Djuro"]
[Black "JackRodgers"]
[WhiteFideId "934569"]
[WhiteElo "2282"]
[BlackElo "2491"]
[Result "1-0"]
[Round "08"]
[TimeControl "180+2"]
[Date "2023.03.14"]
[WhiteClock "0:00:16"]
[BlackClock "0:00:04"]

1. g3 d5 2. Bg2 c6 3. d3 Nf6 4. Nf3 g6 5. O-O Bg7 6. h3 O-O 7. Nc3 b5 8. a3 a5 9. e4 e6 10. e5 Nfd7 11. d4 Ba6 12. Re1 c5 13. Ne2 Nc6 14. c3 b4 15. axb4 axb4 16. Bg5 Qb6 17. Qd2 Na5 18. dxc5 Qc7 19. Ned4 Nc4 20. Qf4 bxc3 21. bxc3 Ndxe5 22. Bf6 Nxf3+ 23. Qxf3 Nd2 24. Qe3 Bxf6 25. Qxd2 Qxc5 26. Rac1 Bc4 27. h4 Ra2 28. Qe3 Bxd4 29. cxd4 Qa3 30. Qf4 Ra8 31. h5 Qf8 32. h6 Qb8 33. Qf6 Qf8 34. Qf4 Rb2 35. Rc3 Raa2 36. Rf3 Be2 37. Re3 Bc4 38. Rf3 Re2 39. Rxe2 Rxe2 40. g4 Re4 41. Qf6 Rxg4 42. Rh3 Bd3 43. Kh2 Be4 44. f3 Bxf3 45. Bxf3 Qb8+ 46. Qe5 Qxe5+ 47. dxe5 Rg5 48. Rh4 Rxe5 49. Rb4 Kf8 50. Rb8+ Ke7 51. Rh8 d4 52. Rxh7 Re3 53. Kg2 d3 54. Kf2 Re5 55. Rh8 d2 56. h7 Rf5 57. Rd8 Kxd8 58. h8=Q+ Ke7 59. Qd4 Rg5 60. Qxd2 Rf5 61. Qb4+ Kf6 62. Qd4+ Ke7 63. Qh4+ g5 64. Qg3 Kf6 65. Ke3 Re5+ 66. Be4 Rf5 67. Bxf5 Kxf5 68. Qd6 1-0


[Site "https://www.chess.com"]

[Event "Titled Tuesday Blitz March 14 Late 2023"]
[White "Shapiro, Viktor"]
[Black "Delgado Rosas, Fatima Alexandra"]
[WhiteFideId "4175700"]
[BlackFideId "6603963"]
[WhiteElo "2152"]
[BlackElo "2318"]
[Result "0-1"]
[Round "08"]
[TimeControl "180+2"]
[Date "2023.03.14"]
[WhiteClock "0:01:17"]
[BlackClock "0:00:49"]

1. c4 e6 2. Nc3 d5 3. d4 Nf6 4. Nf3 Be7 5. Bg5 O-O 6. e3 Nbd7 7. cxd5 exd5 8. Bd3 c6 9. O-O Re8 10. Rb1 Ne4 11. Bxe7 Qxe7 12. Qc2 Nxc3 13. bxc3 b5 14. a4 a6 15. Rfe1 Nf6 16. Ne5 Bd7 17. f3 h6 18. e4 dxe4 19. fxe4 Rac8 20. Nf3 Bg4 21. e5 Nd5 22. Bf5 Bxf5 23. Qxf5 Nxc3 24. Rbc1 Nxa4 25. d5 c5 26. d6 Qe6 27. Qf4 c4 28. Nd4 Qd5 29. Nf5 Rcd8 30. Rcd1 Qe6 31. Qg4 Qg6 32. Ne7+ Rxe7 33. dxe7 Re8 34. Qd7 f5 35. exf6 gxf6 36. Rd6 Nc5 37. Qc6 Nd3 38. Rxf6 Qh5 39. Rg6+ Kh7 40. Qxe8 Qc5+ 41. Kh1 Nf2+ 42. Kg1 Nh3+ 43. Kh1 Qg1+ 44. Rxg1 Nf2# 0-1


[Site "https://www.chess.com"]

[Event "Titled Tuesday Blitz March 14 Late 2023"]
[White "Tsyhanchuk, Stanislav"]
[Black "Bruedigam, Martin"]
[WhiteFideId "13505130"]
[BlackFideId "24608033"]
[WhiteElo "2173"]
[BlackElo "2331"]
[Result "0-1"]
[Round "08"]
[TimeControl "180+2"]
[Date "2023.03.14"]
[WhiteClock "0:00:15"]
[BlackClock "0:02:23"]

1. c4 e6 2. Nc3 d5 3. e3 a6 4. Nf3 Nf6 5. b3 c5 6. cxd5 exd5 7. d4 Nc6 8. Bb2 Bd6 9. Be2 O-O 10. h3 Re8 11. O-O cxd4 12. Nxd4 Bc7 13. Bf3 Qd6 14. g3 Bxh3 15. Re1 Ne5 16. Bg2 Bg4 17. Qc2 Rac8 18. Nf5 Qd7 19. Nd4 h5 20. Qd2 h4 21. gxh4 Ng6 22. Nf3 Bxf3 23. Bxf3 Nxh4 24. Qe2 Qh3 25. Bh1 Qh2+ 26. Kf1 Qxh1# 0-1


[Site "https://www.chess.com"]

[Event "Titled Tuesday Blitz March 14 Late 2023"]
[White "Buchenau, Frank"]
[Black "Abrosimov, Vladimir"]
[WhiteFideId "4604350"]
[BlackFideId "4166892"]
[WhiteElo "2157"]
[BlackElo "2336"]
[Result "1-0"]
[Round "08"]
[TimeControl "180+2"]
[Date "2023.03.14"]
[WhiteClock "0:00:14"]
[BlackClock "0:00:15"]

1. e4 c5 2. Nf3 d6 3. Bb5+ Bd7 4. Bxd7+ Nxd7 5. O-O Ngf6 6. Re1 g6 7. c3 Bg7 8. d4 cxd4 9. cxd4 O-O 10. Nc3 e5 11. Be3 a6 12. Qb3 b5 13. a4 exd4 14. Bxd4 Nc5 15. Bxc5 dxc5 16. axb5 axb5 17. Qxb5 Rb8 18. Qe2 Re8 19. e5 Nd5 20. Qc4 Nb4 21. e6 fxe6 22. Rxe6 Rxe6 23. Qxe6+ Kh8 24. Ne5 Bxe5 25. Qxe5+ Kg8 26. Ne4 Ra8 27. Nf6+ Kf7 28. Re1 Qxf6 29. Qc7+ Kg8 30. Qxc5 Rf8 31. f3 Qxb2 32. Qc4+ Kh8 33. Qc5 Nd3 34. Qxf8# 1-0


[Site "https://www.chess.com"]

[Event "Titled Tuesday Blitz March 14 Late 2023"]
[White "Romero Ruscalleda, Josep"]
[Black "Chan, Kim Yew"]
[WhiteFideId "2231859"]
[BlackFideId "5717981"]
[WhiteElo "2183"]
[BlackElo "2206"]
[Result "1-0"]
[Round "08"]
[TimeControl "180+2"]
[Date "2023.03.14"]
[WhiteClock "0:00:09"]
[BlackClock "0:00:02"]

1. e4 e5 2. Nf3 Nc6 3. Bc4 Bc5 4. c3 Nf6 5. d3 d6 6. b4 Bb6 7. a4 a5 8. b5 Ne7 9. Bb3 O-O 10. Nbd2 Ng6 11. Nc4 Bc5 12. O-O h6 13. d4 exd4 14. cxd4 Bb4 15. e5 Nd5 16. Bb2 Be6 17. Rc1 Ngf4 18. Ne3 Nxe3 19. fxe3 Bxb3 20. Qxb3 Ne2+ 21. Kh1 Nxc1 22. Bxc1 Qe7 23. Bb2 Rad8 24. h3 dxe5 25. Nxe5 Qe6 26. Qc2 Bd6 27. Ng4 h5 28. d5 Qe7 29. Qc3 f6 30. Nh2 Be5 31. Qc2 Bxb2 32. Qxb2 Rxd5 33. Qb3 Qf7 34. Nf3 Rd7 35. Qc3 Qd5 36. Qxa5 b6 37. Qc3 Re8 38. Rf2 Qd1+ 39. Kh2 Qd6+ 40. g3 Rde7 41. Nd4 Qd5 42. Nf5 Re5 43. g4 hxg4 44. hxg4 Qe4 45. Qxc7 Qxg4 46. Nh6+ gxh6 47. Rg2 Qxg2+ 48. Kxg2 Rxe3 49. Qxb6 Re2+ 50. Kf3 R2e6 51. Qd4 Re5 52. b6 Rf5+ 53. Kg4 Rg5+ 54. Kf4 Rh5 55. Kf3 Rh3+ 56. Kg2 Rhe3 57. b7 Re2+ 58. Kf3 1-0


[Site "https://www.chess.com"]

[Event "Titled Tuesday Blitz March 14 Late 2023"]
[White "Rego, Pedro Filipe"]
[Black "Mendez Machado, Andre"]
[WhiteFideId "1904310"]
[BlackFideId "6603793"]
[WhiteElo "2193"]
[BlackElo "1984"]
[Result "1-0"]
[Round "08"]
[TimeControl "180+2"]
[Date "2023.03.14"]
[WhiteClock "0:00:32"]
[BlackClock "0:00:03"]

1. d4 Nf6 2. Nf3 e6 3. g3 d5 4. Bg2 Be7 5. O-O O-O 6. c4 dxc4 7. Qc2 a6 8. a4 Nc6 9. Qxc4 Na5 10. Qc2 b6 11. Ne5 Bb7 12. Bxb7 Nxb7 13. Nc6 Qe8 14. Nxe7+ Qxe7 15. Bf4 Rac8 16. Qc6 Na5 17. Qc2 Nd5 18. Bd2 c5 19. Bxa5 bxa5 20. dxc5 Rxc5 21. Qd3 Nb4 22. Qe4 Rc2 23. Na3 Rxb2 24. Nc4 Rc2 25. Nxa5 Qc5 26. Nb3 Qc3 27. Nd4 Rd2 28. Nf3 Rc2 29. Rab1 a5 30. Rfd1 h6 31. Nd4 Rd2 32. Nb5 Rxd1+ 33. Rxd1 Qb3 34. Ra1 Qb2 35. Rd1 Qb3 36. Rd7 Qxa4 37. Rb7 Qa1+ 38. Kg2 Qf6 39. Nd6 Nd5 40. Ra7 Qc3 41. Qc4 Qxc4 42. Nxc4 Rc8 43. Nd6 Rc2 44. e4 Ne3+ 45. Kf3 Nd1 46. Rxa5 Rxf2+ 47. Kg4 Rxh2 48. Ra7 Ne3+ 49. Kf3 Nc2 50. Nxf7 Ne1+ 51. Ke3 Nc2+ 52. Kf3 Ne1+ 53. Kf4 Re2 54. Nd8 Rf2+ 55. Ke5 Rf3 56. Nxe6 Rxg3 57. Kd6 Nf3 58. Ra8+ Kh7 59. Nf8+ Kh8 60. e5 Kg8 61. e6 Rg4 62. e7 Kf7 63. e8=Q+ 1-0


[Site "https://www.chess.com"]

[Event "Titled Tuesday Blitz March 14 Late 2023"]
[White "Khatena, Moshe"]
[Black "Kovacs, Klara"]
[WhiteFideId "2010461"]
[BlackFideId "733210"]
[WhiteElo "2217"]
[BlackElo "2179"]
[Result "1-0"]
[Round "08"]
[TimeControl "180+2"]
[Date "2023.03.14"]
[WhiteClock "0:00:29"]
[BlackClock "0:00:10"]

1. g4 e6 2. Bg2 d5 3. d4 c5 4. c4 cxd4 5. cxd5 exd5 6. Qxd4 Nc6 7. Qxd5 Qxd5 8. Bxd5 Nb4 9. Bb3 Bxg4 10. a3 Rc8 11. Nc3 Nc6 12. Be3 Nf6 13. Nf3 Bxf3 14. exf3 Ne5 15. Ke2 Bc5 16. Rac1 Bxe3 17. fxe3 O-O 18. Nb5 a6 19. Nd6 Rxc1 20. Rxc1 b5 21. f4 Neg4 22. h3 Nh6 23. e4 Nh5 24. Kf3 g6 25. Rc7 Nf6 26. Ra7 Rd8 27. e5 Nd7 28. e6 Nc5 29. e7 Rb8 30. Bd5 Nf5 31. Nxf5 gxf5 32. Ra8 1-0


[Site "https://www.chess.com"]

[Event "Titled Tuesday Blitz March 14 Late 2023"]
[White "Allansdottir, Rakel Elaisa"]
[Black "Fernandez Hernandez, Gerardo"]
[WhiteFideId "2323974"]
[BlackFideId "2207400"]
[WhiteElo "2349"]
[BlackElo "2209"]
[Result "1-0"]
[Round "08"]
[TimeControl "180+2"]
[Date "2023.03.14"]
[WhiteClock "0:00:04"]
[BlackClock "0:00:02"]

1. d4 Nf6 2. c4 c5 3. e3 g6 4. Nc3 Bg7 5. Nf3 O-O 6. Bd3 cxd4 7. exd4 d5 8. O-O Bg4 9. h3 Bxf3 10. Qxf3 Nc6 11. cxd5 Nxd4 12. Qf4 Nxd5 13. Nxd5 Qxd5 14. Be3 Ne6 15. Qc4 Rfd8 16. Rfd1 Qxc4 17. Bxc4 Bxb2 18. Rxd8+ Rxd8 19. Rb1 Be5 20. Rxb7 Rd1+ 21. Bf1 Bd4 22. Rxe7 Bxe3 23. fxe3 a5 24. Ra7 Rd5 25. Bc4 Rc5 26. Bb3 Re5 27. Kf2 Ng5 28. Ke2 Rf5 29. g4 Re5 30. h4 Ne6 31. Kf3 h5 32. g5 Rf5+ 33. Ke4 Nc5+ 34. Kd4 Nxb3+ 35. axb3 f6 36. gxf6 Rxf6 37. Rxa5 Rb6 38. Kc4 Re6 39. Kd4 Rb6 40. Kc4 Re6 41. Rg5 Kf7 42. b4 Re4+ 43. Kd5 Rxe3 44. b5 Rb3 45. Kc6 Kf6 46. Rd5 Rb4 47. b6 Rc4+ 48. Rc5 Rb4 49. b7 Rxb7 50. Kxb7 g5 51. Rxg5 1-0


[Site "https://www.chess.com"]

[Event "Titled Tuesday Blitz March 14 Late 2023"]
[White "Sabar, Ethmane Daouda"]
[Black "Zampronha, Wladimir Camilo"]
[WhiteFideId "19600097"]
[BlackFideId "2103087"]
[WhiteElo "1950"]
[BlackElo "2176"]
[Result "1-0"]
[Round "08"]
[TimeControl "180+2"]
[Date "2023.03.14"]
[WhiteClock "0:00:12"]
[BlackClock "0:00:16"]

1. e4 c5 2. a3 d5 3. exd5 Nf6 4. c4 e6 5. dxe6 Bxe6 6. Nf3 Nc6 7. Be2 Be7 8. O-O O-O 9. b3 Nd4 10. Bb2 Nxe2+ 11. Qxe2 Bf5 12. d4 cxd4 13. Nxd4 Bg4 14. Qc2 Qb6 15. h3 Bd7 16. Re1 Rfe8 17. Nd2 a5 18. N2f3 Bc5 19. Rxe8+ Rxe8 20. Rd1 Bc8 21. Bc3 Ne4 22. Bb2 Rd8 23. Qxe4 Qh6 24. Re1 Bd7 25. Nf5 Bxf5 26. Qxf5 Bf8 27. Ng5 Qh5 28. g4 Qg6 29. Qxg6 hxg6 30. Re2 Rd3 31. b4 axb4 32. axb4 Bxb4 33. Re8+ Bf8 34. Rb8 Rb3 35. Bd4 f6 36. Bc5 fxg5 37. Rxf8+ Kh7 38. Rf7 Rxh3 39. Bd4 Rd3 40. Rxg7+ Kh6 41. Rd7 Rd2 42. Bg7+ Kh7 43. Rxd2 1-0


[Site "https://www.chess.com"]

[Event "Titled Tuesday Blitz March 14 Late 2023"]
[White "Todev, Simeon"]
[Black "Michalski, Olaf"]
[WhiteFideId "2925133"]
[BlackFideId "1106740"]
[WhiteElo "1938"]
[BlackElo "2173"]
[Result "1-0"]
[Round "08"]
[TimeControl "180+2"]
[Date "2023.03.14"]
[WhiteClock "0:00:05"]
[BlackClock "0:00:01"]

1. e4 c5 2. Nf3 a6 3. c3 Nf6 4. Bd3 d6 5. Bc2 e5 6. O-O Be7 7. h3 O-O 8. d4 Qc7 9. Na3 b5 10. Bg5 Bb7 11. Re1 Nbd7 12. Rc1 h6 13. Bh4 Rfe8 14. Bg3 Bf8 15. b4 cxb4 16. cxb4 Qb6 17. d5 Rac8 18. Bd3 Nh5 19. Kh2 Nxg3 20. fxg3 g6 21. g4 Be7 22. Qd2 Kg7 23. h4 Nf6 24. Kg3 h5 25. g5 Ng4 26. Nc2 Rc7 27. Ne3 Nxe3 28. Rxe3 Rec8 29. Rxc7 Qxc7 30. Ne1 Qc1 31. Qf2 Bd8 32. Rf3 Rc7 33. Bc2 Rd7 34. Nd3 Qa1 35. Bb3 1-0


[Site "https://www.chess.com"]

[Event "Titled Tuesday Blitz March 14 Late 2023"]
[White "Barash, Anton"]
[Black "Djordjevic, Dejan N"]
[WhiteFideId "30935229"]
[BlackFideId "913316"]
[WhiteElo "2331"]
[BlackElo "2261"]
[Result "0-1"]
[Round "08"]
[TimeControl "180+2"]
[Date "2023.03.14"]
[WhiteClock "0:00:01"]
[BlackClock "0:00:12"]

1. e4 c5 2. Nf3 Nc6 3. d4 cxd4 4. Nxd4 Nf6 5. Nc3 Qb6 6. Nb3 e6 7. Be2 a6 8. O-O Be7 9. a4 Qc7 10. a5 b5 11. axb6 Qxb6 12. Be3 Qb8 13. Ra4 O-O 14. Qd2 d6 15. Rfa1 a5 16. f3 Bd8 17. Bb5 Bb7 18. Nd4 Nxd4 19. Bxd4 Ne8 20. Ne2 Ba6 21. Bxa6 Rxa6 22. b3 Rc6 23. Bc3 Qc8 24. Kh1 Bb6 25. R1a2 Rxc3 26. Nxc3 Qc5 27. Ne2 Nf6 28. h3 Qf2 29. Kh2 Bc7 30. c4 d5+ 31. f4 dxe4 0-1


[Site "https://www.chess.com"]

[Event "Titled Tuesday Blitz March 14 Late 2023"]
[White "Kraus, Tomas"]
[Black "Manu_ChessExcelsior"]
[WhiteFideId "331708"]
[WhiteElo "2389"]
[BlackElo "2028"]
[Result "0-1"]
[Round "08"]
[TimeControl "180+2"]
[Date "2023.03.14"]
[WhiteClock "0:00:02"]
[BlackClock "0:00:13"]

1. e4 c5 2. Nc3 Nc6 3. f4 g6 4. Nf3 Bg7 5. g3 e6 6. Bg2 Nge7 7. O-O O-O 8. d3 d5 9. e5 b6 10. g4 f6 11. exf6 Bxf6 12. Re1 Qc7 13. Qe2 Nd4 14. Nxd4 Bxd4+ 15. Kh1 Bd7 16. a4 a6 17. Bd2 Rae8 18. Rad1 Nc6 19. Qf3 Bg7 20. Qh3 Nd4 21. Rc1 b5 22. axb5 axb5 23. b3 b4 24. Ne2 Nb5 25. Ng3 Ra8 26. Rf1 Ra2 27. f5 Nd4 28. fxe6 Bxe6 29. Rxf8+ Bxf8 30. Re1 Qd7 31. Bh6 Bxg4 32. Qh4 Be6 33. Bxf8 Kxf8 34. Rf1+ Kg8 35. Qf6 Qf7 36. Qd8+ Kg7 37. Rxf7+ Bxf7 38. Bxd5 Rxc2 39. Bxf7 Kxf7 40. Qd7+ Kf6 41. Ne4+ Ke5 42. Qd6+ Kf5 43. Qd5+ Kf4 44. Qg5+ Kf3 45. Qg3+ Ke2 46. Qf2+ Kxd3 47. Qf1+ Kxe4 48. Qe1+ Kd3 49. Qd1+ Kc3 50. Qb1 Nxb3 51. h3 Rc1+ 52. Qxc1+ Nxc1 0-1


[Site "https://www.chess.com"]

[Event "Titled Tuesday Blitz March 14 Late 2023"]
[White "Burke, Paul"]
[Black "Kostiukov, Alexandr"]
[WhiteFideId "2605767"]
[BlackFideId "14108100"]
[WhiteElo "1866"]
[BlackElo "2202"]
[Result "0-1"]
[Round "08"]
[TimeControl "180+2"]
[Date "2023.03.14"]
[WhiteClock "0:00:04"]
[BlackClock "0:00:02"]

1. e4 c5 2. d4 cxd4 3. c3 g6 4. cxd4 d5 5. exd5 Nf6 6. Nf3 Nxd5 7. Be2 Bg7 8. O-O O-O 9. Nc3 Nc6 10. a3 Bf5 11. h3 Rc8 12. Bg5 h6 13. Be3 Nxc3 14. bxc3 Na5 15. Rc1 Qd6 16. Qa4 b6 17. Qb4 Rfd8 18. Qxd6 exd6 19. c4 g5 20. c5 dxc5 21. dxc5 Nb3 22. Rcd1 bxc5 23. Bc4 Nd4 24. Nd2 Nc2 25. a4 Bd3 26. Bxd3 Rxd3 27. Nc4 Nxe3 28. fxe3 Rc3 29. Nd6 Rd8 30. Ne4 Rxd1 31. Rxd1 Rxe3 32. Nxc5 Ra3 33. Rd8+ Kh7 34. Kh2 Be5+ 35. g3 Ra2+ 36. Kg1 Bxg3 37. Rd7 Bf2+ 38. Kf1 Bxc5 39. Rxf7+ Kg6 40. Rc7 Rc2 41. Rc6+ Kh5 42. Re6 a5 43. Re5 Bb4 44. Re6 Rc3 45. Kg2 Ra3 0-1


[Site "https://www.chess.com"]

[Event "Titled Tuesday Blitz March 14 Late 2023"]
[White "Friedel, Tom"]
[Black "Perske, Thore"]
[WhiteFideId "2002108"]
[BlackFideId "12902195"]
[WhiteElo "2265"]
[BlackElo "2336"]
[Result "0-1"]
[Round "08"]
[TimeControl "180+2"]
[Date "2023.03.14"]
[WhiteClock "0:00:08"]
[BlackClock "0:00:09"]

1. e4 e6 2. d4 d5 3. exd5 exd5 4. Bf4 Nc6 5. Nc3 Bb4 6. Nf3 Bg4 7. Be2 Nge7 8. O-O Qd7 9. h3 Bh5 10. Ne5 Bxe2 11. Nxe2 Nxe5 12. dxe5 O-O 13. Bh2 c5 14. f4 d4 15. Qd3 Rac8 16. f5 c4 17. Qe4 d3 18. cxd3 Qxd3 19. Qxd3 cxd3 20. Ng3 Nc6 21. Ne4 Rfe8 22. f6 Nxe5 23. fxg7 Kxg7 24. Nf6 Re6 25. Nd5 Bc5+ 26. Kh1 Rd8 27. Nf4 Ree8 28. Nh5+ Kf8 29. Rad1 Nc4 30. b3 Ne3 31. Nf6 Nxf1 32. Nxe8 Ne3 33. Rd2 Kxe8 34. Bg1 f5 35. b4 Bb6 36. a4 a6 37. a5 Ba7 38. Bf2 f4 39. g3 fxg3 40. Bxg3 Nf1 41. Rg2 Nxg3+ 42. Rxg3 d2 43. Re3+ Bxe3 0-1


[Site "https://www.chess.com"]

[Event "Titled Tuesday Blitz March 14 Late 2023"]
[White "Carbone, Diego"]
[Black "Ardila, Oscar Humberto"]
[WhiteFideId "3002179"]
[BlackFideId "4404742"]
[WhiteElo "2266"]
[BlackElo "1911"]
[Result "1-0"]
[Round "08"]
[TimeControl "180+2"]
[Date "2023.03.14"]
[WhiteClock "0:01:04"]
[BlackClock "0:00:08"]

1. d4 Nf6 2. c4 g6 3. g3 Bg7 4. Bg2 O-O 5. Nc3 d6 6. Nf3 Nbd7 7. O-O c6 8. e4 Qc7 9. h3 e5 10. Be3 Re8 11. Qc2 Nf8 12. Rad1 Be6 13. b3 Rad8 14. Rfe1 Bc8 15. Kh2 h5 16. c5 exd4 17. cxd6 Rxd6 18. Bf4 dxc3 19. Bxd6 Qa5 20. b4 Qa3 21. b5 Qa5 22. bxc6 bxc6 23. Nd4 Ne6 24. Nxc6 Qb6 25. Ne7+ Kh7 26. e5 Ng8 27. Qxc3 Qxf2 28. Nxc8 Ng5 29. Rf1 Qxa2 30. Qd2 Qxd2 31. Rxd2 Rxc8 32. h4 Ne6 33. Rxf7 Nh6 34. Bh3 Nxf7 35. Bxe6 Rf8 36. Bxf8 Bxf8 37. Bxf7 Kg7 38. e6 Be7 39. Rd7 Kf6 40. Rxa7 Kg7 41. Kg2 Kf6 42. Kf3 Bc5 43. Ra6 Be7 44. Ke4 Bb4 45. Kd5 Be1 46. Kd6 Bxg3+ 47. Kd7 Bxh4 48. Bxg6 Kxg6 49. e7+ Kf7 50. e8=Q+ 1-0


[Site "https://www.chess.com"]

[Event "Titled Tuesday Blitz March 14 Late 2023"]
[White "Cramling Bellon, Anna"]
[Black "Gharamian, Tigran"]
[WhiteFideId "32009232"]
[BlackFideId "13301527"]
[WhiteElo "1972"]
[BlackElo "2632"]
[Result "1-0"]
[Round "08"]
[TimeControl "180+2"]
[Date "2023.03.14"]
[WhiteClock "0:00:01"]
[BlackClock "0:00:03"]

1. d4 Nf6 2. c4 e6 3. Nc3 d5 4. cxd5 Nxd5 5. e4 Nxc3 6. bxc3 c5 7. Nf3 cxd4 8. cxd4 Bb4+ 9. Bd2 Bxd2+ 10. Qxd2 O-O 11. Bd3 Nc6 12. e5 Qa5 13. Qxa5 Nxa5 14. O-O b6 15. Nd2 Rd8 16. Be4 Bb7 17. Bxb7 Nxb7 18. Nf3 Rac8 19. Rac1 Na5 20. Rfd1 Kf8 21. Kf1 Ke7 22. Ng5 h6 23. Ne4 Nc4 24. Ke2 f5 25. exf6+ gxf6 26. f4 Nd6 27. Kd3 Nf5 28. Rxc8 Rxc8 29. Nf2 b5 30. g4 Nd6 31. Re1 Kf7 32. Ne4 Nxe4 33. Rxe4 Rc1 34. Re2 Rf1 35. Ke4 Rd1 36. f5 exf5+ 37. gxf5 a5 38. Rc2 Re1+ 39. Kd5 b4 40. Rc7+ Ke8 41. Ra7 Re2 42. Rxa5 Rxh2 43. Ra6 Ke7 44. Re6+ Kf7 45. Rb6 Rb2 46. Rb7+ Kf8 47. Ke6 h5 48. Kxf6 Ke8 49. d5 Rd2 50. Rxb4 Rxd5 51. Kg5 Ra5 52. a4 Kf7 53. Rb7+ Kf8 54. Kf6 Ke8 55. Rb8+ Kd7 56. Rb4 Ke8 57. Kg5 Kf7 58. Rh4 Kg7 59. Rxh5 Rxa4 60. f6+ Kf7 61. Rh7+ Kg8 62. Ra7 Ra5+ 63. Kg6 Rxa7 64. f7+ 1-0


[Site "https://www.chess.com"]

[Event "Titled Tuesday Blitz March 14 Late 2023"]
[White "Jimenez, Joaquin"]
[Black "Eliteplayer3"]
[WhiteFideId "109860"]
[WhiteElo "2163"]
[BlackElo "2123"]
[Result "1-0"]
[Round "08"]
[TimeControl "180+2"]
[Date "2023.03.14"]
[WhiteClock "0:00:31"]
[BlackClock "0:00:27"]

1. e4 c6 2. c4 d5 3. exd5 cxd5 4. cxd5 Nf6 5. Nc3 Nxd5 6. Nf3 Nc6 7. Bb5 Nc7 8. Bxc6+ bxc6 9. Qa4 Bd7 10. d4 c5 11. Qd1 cxd4 12. Qxd4 e6 13. Ne5 f6 14. Nxd7 Qxd7 15. Qxd7+ Kxd7 16. Be3 Bb4 17. O-O-O+ Ke7 18. Ne4 Nd5 19. Bd4 Rhc8+ 20. Kb1 Rab8 21. Rc1 a5 22. Rxc8 Rxc8 23. a3 Bd6 24. Rd1 Rc4 25. f3 e5 26. Bxe5 Bxe5 27. Rxd5 a4 28. Ra5 Bxh2 29. Ra7+ Bc7 30. Nc3 h5 31. Nxa4 g5 32. Nb6 Rc5 33. b4 Rc6 34. Nd5+ Kd6 35. Nxc7 Rxc7 36. Rxc7 Kxc7 37. Kc2 f5 38. Kd3 g4 39. fxg4 fxg4 40. Ke3 h4 41. Kf4 h3 42. gxh3 gxh3 43. Kg3 h2 44. Kxh2 Kb6 45. Kg3 Kb5 46. Kf4 Ka4 47. Ke4 Kb5 48. Kd4 Kb6 49. Kc4 Kc6 50. a4 Kb6 51. a5+ Ka7 52. Kc5 Kb7 53. b5 Ka7 54. a6 Kb8 55. Kc6 Ka8 56. b6 Kb8 57. b7 Ka7 58. Kc7 Kxa6 59. b8=Q Ka5 60. Qb3 Ka6 61. Qb6# 1-0


[Site "https://www.chess.com"]